NYP
WEST VIRGINIA BLACK BEARS @ AUBURN DOUBLEDAYS
06/29/2099
 
TOP OF THE 1ST
West Virginia Black Bears batting - Pitching for Auburn Doubledays : RHP Doug DeSmet
Pitching: RHP Doug DeSmet
Batting: RHB James Sanders 0-0: Called Strike
0-1: Ball
1-1: Foul Ball, location: 2F
1-2: Ball
2-2: Strikes out swinging
Batting: LHB Chris Daniel 0-0: Ball
1-0: Ball
2-0: Foul Ball, location: 2F
2-1: SINGLE (Groundball, 4MD, EV 102.5 MPH)
Batting: RHB Shawn Atkin 0-0: Ball
1-0: Fly out, F7 (Flyball, 78S, EV 90.0 MPH)
Batting: RHB David Burks 0-0: Called Strike
0-1: Ball
1-1: Swinging Strike
1-2: Ball
2-2: Strikes out looking
Top of the 1st over - 0 runs, 1 hit, 0 errors, 1 left on base; West Virginia 0 - Auburn 0
BOTTOM OF THE 1ST
Auburn Doubledays batting - Pitching for West Virginia Black Bears : RHP Peter Hurley
Pitching: RHP Peter Hurley
Batting: SHB Guadalupe Quiroz 0-0: Bunt for hit to 3S - play at first, batter safe!
Batting: LHB German Rodriguez 0-0: Foul Ball, location: 25F
0-1: Ball
1-1: Bunted foul
1-2: Foul Ball, location: 7LDF
1-2: Ball
2-2: SINGLE (Line Drive, 4M, EV 94.4 MPH)
Guadalupe Quiroz to second
Batting: RHB Nathan Jackson 0-0: Ball
1-0: Called Strike
1-1: Called Strike
1-2: Foul Ball, location: 2F
1-2: Foul Ball, location: 5F
1-2: Ball
2-2: Ball
3-2: Base on Balls
Guadalupe Quiroz to third
German Rodriguez to second
Batting: LHB Bobby Lane 0-0: Ball
1-0: SINGLE (Line Drive, 89M, EV 97.5 MPH)
Guadalupe Quiroz scores
German Rodriguez to third
Nathan Jackson to second
Batting: SHB Bill Perez 0-0: Ground out 6-3 (Groundball, P, EV 90.6 MPH)
German Rodriguez scores
Nathan Jackson to third
Bobby Lane to second
Batting: RHB Matthew Lizaso 0-0: Fly out, F7 (Flyball, 7S, EV 90.0 MPH)
Batting: RHB Ryan Phillips 0-0: DOUBLE (Flyball, 8RXD, EV 103.1 MPH)
Nathan Jackson scores
Bobby Lane scores
Batting: RHB Jose Hinojosa 0-0: Foul Ball, location: 9LMF
0-1: Swinging Strike
0-2: SINGLE (Line Drive, 89S, EV 91.3 MPH)
Ryan Phillips to third
Runner from 3rd tries for Home, SAFE, throw by CF to home
Batting: RHB Jim Miller 0-0: Ball
1-0: Fly out, F8 (Line Drive, 8LM, EV 97.5 MPH)
Bottom of the 1st over - 5 runs, 5 hits, 0 errors, 1 left on base; West Virginia 0 - Auburn 5
TOP OF THE 2ND
West Virginia Black Bears batting - Pitching for Auburn Doubledays : RHP Doug DeSmet
Batting: LHB Harry Romero 0-0: Ball
1-0: Ball
2-0: Ball
3-0: Called Strike
3-1: Foul Ball, location: 2LF
3-2: Fly out, F7 (Flyball, 78D, EV 101.3 MPH)
Batting: RHB Sam Filter 0-0: Ball
1-0: Swinging Strike
1-1: Ball
2-1: Foul Ball, location: 2F
2-2: Strikes out looking
Batting: RHB Willie Ovalle 0-0: Called Strike
0-1: Ball
1-1: Ball
2-1: Foul Ball, location: 9LDF
2-2: Ground out 4-3 (Groundball, 4, EV 108.8 MPH)
Top of the 2nd over - 0 runs, 0 hits, 0 errors, 0 left on base; West Virginia 0 - Auburn 5
BOTTOM OF THE 2ND
Auburn Doubledays batting - Pitching for West Virginia Black Bears : RHP Peter Hurley
Batting: SHB Guadalupe Quiroz 0-0: Ball
1-0: Ball
2-0: Ball
3-0: Base on Balls
Batting: LHB German Rodriguez 0-0: Called Strike
0-1: Fielders Choice at 2nd, 4-6 (Groundball, 4, EV 98.8 MPH)
Batting: RHB Nathan Jackson 0-0: Ball
1-0: Ball
2-0: Called Strike
2-1: Ball
3-1: SINGLE (Line Drive, 8LS, EV 104.4 MPH)
German Rodriguez to second
Batting: LHB Bobby Lane 0-0: Called Strike
0-1: Fly out, F7 (Flyball, 7D, EV 106.9 MPH)
Runner from 2nd tags up, SAFE at 3rd with throw by LF
Batting: SHB Bill Perez 0-0: TRIPLE (Flyball, 89XD, EV 85.6 MPH)
German Rodriguez scores
Nathan Jackson scores
Batting: RHB Matthew Lizaso 0-0: Called Strike
0-1: Ball
1-1: Swinging Strike
1-2: Foul Ball, location: 5SF
1-2: Ground out 5-3 (Groundball, 56, EV 106.9 MPH)
Bottom of the 2nd over - 2 runs, 2 hits, 0 errors, 1 left on base; West Virginia 0 - Auburn 7
TOP OF THE 3RD
West Virginia Black Bears batting - Pitching for Auburn Doubledays : RHP Doug DeSmet
Batting: SHB Mark Norlander 0-0: Ball
1-0: Called Strike
1-1: Ground out U3 (Groundball, 13, EV 90.0 MPH)
Batting: RHB Brian Hilton 0-0: Fly out, F6 (Popup, 6M, EV 53.8 MPH)
Batting: RHB James Sanders 0-0: Ball
1-0: Ball
2-0: Fly out, F3 (Popup, 3F, EV 78.1 MPH)
Top of the 3rd over - 0 runs, 0 hits, 0 errors, 0 left on base; West Virginia 0 - Auburn 7
BOTTOM OF THE 3RD
Auburn Doubledays batting - Pitching for West Virginia Black Bears : RHP Peter Hurley
Batting: RHB Ryan Phillips 0-0: Ball
1-0: Fly out, F8 (Line Drive, 78M, EV 93.1 MPH)
Batting: RHB Jose Hinojosa 0-0: Ball
1-0: Ball
2-0: Ground out 4-3 (Groundball, 4, EV 93.8 MPH)
Batting: RHB Jim Miller 0-0: Called Strike
0-1: SINGLE (Line Drive, 7S, EV 106.9 MPH)
Batting: SHB Guadalupe Quiroz 0-0: Called Strike
0-1: Ball
1-1: Ball
2-1: Ball
3-1: Base on Balls
Jim Miller to second
Pitching: RHP Arturo Flores
Batting: LHB German Rodriguez 0-0: Called Strike
0-1: Ball
1-1: Called Strike
1-2: TRIPLE (Flyball, 89XD, EV 110.0 MPH)
Jim Miller scores
Guadalupe Quiroz scores
Batting: RHB Nathan Jackson 0-0: Called Strike
0-1: Called Strike
0-2: Ball
1-2: Strikes out looking
Bottom of the 3rd over - 2 runs, 2 hits, 0 errors, 1 left on base; West Virginia 0 - Auburn 9
TOP OF THE 4TH
West Virginia Black Bears batting - Pitching for Auburn Doubledays : RHP Doug DeSmet
Batting: LHB Chris Daniel 0-0: Ball
1-0: Ground out 4-3 (Groundball, 4, EV 91.3 MPH)
Batting: RHB Shawn Atkin 0-0: Ground out 6-3 (Groundball, 6, EV 92.5 MPH)
Batting: RHB David Burks 0-0: Called Strike
0-1: Called Strike
0-2: Foul Ball, location: 9LSF
0-2: SINGLE (Flyball, 5D, EV 93.8 MPH)
Batting: LHB Harry Romero 0-0: Ball
1-0: Ball
2-0: Called Strike
2-1: Swinging Strike
2-2: Strikes out looking
Top of the 4th over - 0 runs, 1 hit, 0 errors, 1 left on base; West Virginia 0 - Auburn 9
BOTTOM OF THE 4TH
Auburn Doubledays batting - Pitching for West Virginia Black Bears : RHP Arturo Flores
Batting: LHB Bobby Lane 0-0: Swinging Strike
0-1: Ball
1-1: Ball
2-1: SINGLE (Line Drive, 89M, EV 101.3 MPH)
Batting: SHB Bill Perez 0-0: Called Strike
0-1: SINGLE (Groundball, 4, EV 108.8 MPH)
Bobby Lane to second
Batting: RHB Matthew Lizaso 0-0: Ball
1-0: Ball
2-0: SINGLE (Line Drive, 9S, EV 93.1 MPH)
Bobby Lane to third
Bill Perez to second
Batting: RHB Ryan Phillips 0-0: SINGLE (Groundball, 34D, EV 100.0 MPH)
Bobby Lane scores
Bill Perez to third
Matthew Lizaso to second
Batting: RHB Jose Hinojosa 0-0: Swinging Strike
0-1: Called Strike
0-2: Strikes out swinging
Batting: RHB Jim Miller 0-0: Foul Ball, location: 2F
0-1: Ball
1-1: Ball
2-1: Foul Ball, location: 9LSF
2-2: Foul Ball, location: 5F
2-2: Strikes out swinging
Batting: SHB Guadalupe Quiroz 0-0: Foul Ball, location: 2F
0-1: Fielders Choice at 2nd, U4 (Groundball, 4M, EV 91.9 MPH)
Bottom of the 4th over - 1 run, 4 hits, 0 errors, 3 left on base; West Virginia 0 - Auburn 10
TOP OF THE 5TH
West Virginia Black Bears batting - Pitching for Auburn Doubledays : RHP Doug DeSmet
Batting: RHB Sam Filter 0-0: Ball
1-0: Ball
2-0: Ground out 4-3 (Groundball, 4, EV 86.9 MPH)
Batting: RHB Willie Ovalle 0-0: Ground out 6-3 (Groundball, 6, EV 85.6 MPH)
Batting: SHB Mark Norlander 0-0: Called Strike
0-1: Foul Ball, location: 7LMF
0-2: Foul Ball, location: 7LSF
0-2: Strikes out swinging
Top of the 5th over - 0 runs, 0 hits, 0 errors, 0 left on base; West Virginia 0 - Auburn 10
BOTTOM OF THE 5TH
Auburn Doubledays batting - Pitching for West Virginia Black Bears : RHP Arturo Flores
Batting: LHB German Rodriguez 0-0: Fly out, F3 (Popup, 34S, EV 63.8 MPH)
Batting: RHB Nathan Jackson 0-0: Fly out, F9 (Flyball, 9, EV 81.9 MPH)
Batting: LHB Bobby Lane 0-0: Fly out, F6 (Line Drive, 56, EV 71.3 MPH)
Bottom of the 5th over - 0 runs, 0 hits, 0 errors, 0 left on base; West Virginia 0 - Auburn 10
TOP OF THE 6TH
West Virginia Black Bears batting - Pitching for Auburn Doubledays : RHP Doug DeSmet
Batting: RHB Brian Hilton 0-0: Called Strike
0-1: Swinging Strike
0-2: Ball
1-2: Foul Ball, location: 3F
1-2: Foul Ball, location: 2LF
1-2: Foul Ball, location: 23FF
1-2: Strikes out swinging
Batting: RHB James Sanders 0-0: Called Strike
0-1: Ball
1-1: Ball
2-1: Ball
3-1: Called Strike
3-2: Foul Ball, location: 23F
3-2: Base on Balls
Batting: LHB Chris Daniel 0-0: Fly out, F9 (Flyball, 9, EV 93.8 MPH)
Batting: RHB Shawn Atkin 0-0: Ball
1-0: SINGLE (Groundball, 34D, EV 95.0 MPH)
James Sanders to second
Runner from 2nd tries for 3rd, SAFE, no throw by RF
Batting: RHB David Burks 0-0: Foul Ball, location: 23FF
0-1: Fly out, F9 (Line Drive, 89S, EV 91.9 MPH)
Top of the 6th over - 0 runs, 1 hit, 0 errors, 2 left on base; West Virginia 0 - Auburn 10
BOTTOM OF THE 6TH
Auburn Doubledays batting - Pitching for West Virginia Black Bears : RHP Arturo Flores
Batting: SHB Bill Perez 0-0: Ball
1-0: Called Strike
1-1: SINGLE (Flyball, 8RS, EV 95.6 MPH)
Batting: RHB Matthew Lizaso 0-0: Ball
1-0: Called Strike
1-1: Ball
2-1: Hit by Pitch
Bill Perez to second
Batting: RHB Ryan Phillips 0-0: Ball
1-0: Foul Ball, location: 2F
1-1: Fly out, F8 (Flyball, 8RD, EV 88.1 MPH)
Batting: RHB Jose Hinojosa 0-0: Called Strike
0-1: Grounds into double play, 3-6-1 (Groundball, 34, EV 89.4 MPH)
Bottom of the 6th over - 0 runs, 1 hit, 0 errors, 1 left on base; West Virginia 0 - Auburn 10
TOP OF THE 7TH
West Virginia Black Bears batting - Pitching for Auburn Doubledays : RHP Doug DeSmet
Batting: LHB Harry Romero 0-0: Called Strike
0-1: Foul Ball, location: 7LSF
0-2: Ground out 6-3 (Groundball, 6, EV 90.6 MPH)
Batting: RHB Sam Filter 0-0: Called Strike
0-1: Ball
1-1: Foul Ball, location: 3DF
1-2: Foul Ball, location: 5F
1-2: SINGLE (Line Drive, 9S, EV 91.9 MPH)
Batting: RHB Willie Ovalle 0-0: Ball
1-0: Ball
2-0: Called Strike
2-1: Ground out 3-1 (Groundball, 34S, EV 68.1 MPH)
Sam Filter to second
Batting: SHB Mark Norlander 0-0: Ball
1-0: Ground out 6-3 (Groundball, 6, EV 86.3 MPH)
Top of the 7th over - 0 runs, 1 hit, 0 errors, 1 left on base; West Virginia 0 - Auburn 10
BOTTOM OF THE 7TH
Auburn Doubledays batting - Pitching for West Virginia Black Bears : RHP Arturo Flores
Batting: RHB Jim Miller 0-0: Ball
1-0: Foul Ball, location: 23FF
1-1: Foul Ball, location: 2F
1-2: Strikes out looking
Batting: SHB Guadalupe Quiroz 0-0: Ball
1-0: Ball
2-0: Ball
3-0: Foul Ball, location: 7LSF
3-1: Called Strike
3-2: SINGLE (Line Drive, 89S, EV 108.8 MPH)
Pitching: RHP Glen Urry
Batting: LHB German Rodriguez 0-0: Called Strike
0-1: Ball
1-1: Ball
2-1: Foul Ball, location: 3FF
2-2: Ball
3-2: Base on Balls
Guadalupe Quiroz to second
Batting: RHB Nathan Jackson 0-0: Foul Ball, location: 2F
0-1: Foul Ball, location: 3F
0-2: Ball
1-2: Ball
2-2: Ball
3-2: Fly out, F8 (Flyball, 8LD, EV 94.4 MPH)
Batting: LHB Bobby Lane 0-0: Called Strike
0-1: Swinging Strike
0-2: Ball
1-2: Ball
2-2: Ball
3-2: Base on Balls
Guadalupe Quiroz to third
German Rodriguez to second
Pinch Hitting: RHB Erik Overholtzer 0-0: Fielders Choice at 2nd, 5-4 (Groundball, 56, EV 93.1 MPH)
Bottom of the 7th over - 0 runs, 1 hit, 0 errors, 3 left on base; West Virginia 0 - Auburn 10
TOP OF THE 8TH
West Virginia Black Bears batting - Pitching for Auburn Doubledays : RHP Doug DeSmet
Now at SS: Erik Overholtzer
Batting: RHB Brian Hilton 0-0: Ball
1-0: Called Strike
1-1: Swinging Strike
1-2: Strikes out swinging
Batting: RHB James Sanders 0-0: Called Strike
0-1: Foul Ball, location: 5FF
0-2: Ball
1-2: Strikes out swinging
Batting: LHB Chris Daniel 0-0: Called Strike
0-1: Called Strike
0-2: Strikes out looking
Top of the 8th over - 0 runs, 0 hits, 0 errors, 0 left on base; West Virginia 0 - Auburn 10
BOTTOM OF THE 8TH
Auburn Doubledays batting - Pitching for West Virginia Black Bears : RHP Glen Urry
Batting: RHB Matthew Lizaso 0-0: Fly out, F8 (Flyball, 8RD, EV 88.1 MPH)
Batting: RHB Ryan Phillips 0-0: Ball
1-0: Ball
2-0: Fly out, F9 (Flyball, 89D, EV 103.1 MPH)
Batting: RHB Jose Hinojosa 0-0: Foul Ball, location: 25F
0-1: Called Strike
0-2: Foul Ball, location: 9LDF
0-2: Ball
1-2: Foul Ball, location: 2F
1-2: Hit by Pitch
Pinch Hitting: RHB Tony Alvarez 0-0: Called Strike
0-1: Ball
1-1: Fly out, F6 (Popup, 6, EV 65.6 MPH)
Bottom of the 8th over - 0 runs, 0 hits, 0 errors, 1 left on base; West Virginia 0 - Auburn 10
TOP OF THE 9TH
West Virginia Black Bears batting - Pitching for Auburn Doubledays : RHP Doug DeSmet
Pitching: RHP Trevor Stokes
Now at 1B: Bubba Albert
Pinch Hitting: RHB Josh Kastner 0-0: Fly out, F7 (Line Drive, 7, EV 95.0 MPH)
Batting: RHB David Burks 0-0: Ball
1-0: Ball
2-0: Ball
3-0: Called Strike
3-1: Foul Ball, location: 9LMF
3-2: DOUBLE (Flyball, 89XD, EV 105.6 MPH)
Batting: SHB Tyler Ryan 0-0: Ball
1-0: Foul Ball, location: 3FF
1-1: Ball
2-1: Ball
Wild Pitch!
David Burks to third
3-1: Base on Balls
Pinch Hitting: LHB Alex Hernandez 0-0: Ball
1-0: Swinging Strike
1-1: Swinging Strike
1-2: Ball
2-2: Strikes out swinging
Batting: RHB Willie Ovalle 0-0: Ball
1-0: Called Strike
1-1: Ball
2-1: Ball
3-1: Foul Ball, location: 2F
3-2: Base on Balls
Tyler Ryan to second
Pinch Hitting: LHB Marc Jensen 0-0: Called Strike
0-1: Ball
1-1: Foul Ball, location: 7LDF
1-2: Foul Ball, location: 3FF
1-2: Ball
2-2: SINGLE (Line Drive, 4D, EV 108.1 MPH)
David Burks scores
Tyler Ryan to third
Willie Ovalle to second
Pinch Hitting: SHB Rogelio Vargas 0-0: Called Strike
0-1: Fly out, F8 (Flyball, 8RXD, EV 110.0 MPH)
Top of the 9th over - 1 run, 2 hits, 0 errors, 3 left on base; West Virginia 1 - Auburn 10
Friday, May 10th , 2024 - OOTP Baseball 24.11 Build 85